 Dungeon Crawl Stone Soup version 0.19-a0-583-g665d810 (webtiles) character file.

953 TheGoonsmith the Cruncher (level 7, 0/56 HPs)
             Began as a Minotaur Gladiator on June 9, 2016.
             Slain by Prince Ribbit (12 damage)
             ... on level 6 of the Dungeon.
             The game lasted 00:07:38 (4901 turns).

TheGoonsmith the Cruncher (Minotaur Gladiator)      Turns: 4901, Time: 00:07:39

Health: 0/56       AC: 11    Str: 20    XL:     7   Next: 90%
Magic:  6/6        EV:  8    Int:  5    God:
Gold:   123        SH:  0    Dex: 12    Spells: 0 memorised, 6 levels left

rFire  . . .     SeeInvis .     a - +1 quarterstaff
rCold  . . .     Gourm    .     B - +0 chain mail
rNeg   . . .     Faith    .     (shield currently unavailable)
rPois  .         Spirit   .     c - +1 hat
rElec  .         Dismiss  .     m - +0 cloak
rCorr  .         Reflect  .     (no gloves)
SustAt .         Harm     .     n - +0 pair of boots
MR     .....                    x - amulet of magic regeneration
Stlth  ..........               (no ring)
                                h - ring of loudness (curse)

@: not resistant to hostile enchantments, extremely unstealthy
A: retaliatory headbutt, horns 2
a: no special abilities


You were on level 6 of the Dungeon.
You were not hungry.

You visited 1 branch of the dungeon, and saw 6 of its levels.

You collected 123 gold pieces.

Inventory:

Hand Weapons
 a - a +1 quarterstaff (weapon)
Missiles
 d - 2 throwing nets (quivered)
 k - 86 stones
 s - 14 sling bullets
 t - 21 arrows
Armour
 b - a +0 leather armour
 c - a +1 hat (worn)
 m - a +0 cloak (worn)
 n - a +0 pair of boots (worn)
 B - a +0 chain mail (worn)
Jewellery
 h - a cursed ring of loudness (left hand)
 x - an amulet of magic regeneration (around neck)
Wands
 y - a wand of paralysis (12/24)
 z - a wand of acid (15/15)
Scrolls
 e - a scroll of remove curse
 g - a scroll of magic mapping
 o - a scroll of teleportation
 r - 3 scrolls of identify
 u - 2 scrolls of fear
Potions
 i - 2 potions of brilliance
 l - 4 potions of lignification
 q - a potion of curing
 v - 2 potions of agility
 w - a potion of magic
 C - a potion of might {unknown}
Comestibles
 f - 2 bread rations
 j - 3 meat rations
 p - 3 beef jerkies
 A - 2 slices of pizza


   Skills:
 - Level 2.4 Fighting
 + Level 11.3 Staves
 - Level 2.0 Throwing
 - Level 3.2 Dodging


You had 6 spell levels left.
You didn't know any spells.

Dungeon Overview and Level Annotations

Branches:
Dungeon (6/15)
 Temple: D:4-7

Altars:
Cheibriados
Sif Muna
Trog
Xom
Yredelemnul
Zin

Shops:
D:4 }

Annotations:
D:6 Prince Ribbit


Innate Abilities, Weirdness & Mutations

You reflexively headbutt those who attack you in melee.
You have a pair of horns on your head.


Message History

Prince Ribbit is severely wounded.
Prince Ribbit blinks!
Throwing (i - inventory. (,) - cycle):
d - 4 throwing nets (quivered)
Press: ? - help, Shift-Dir - straight line, f - Prince Ribbit
Aim: Prince Ribbit (severely wounded)
You throw a throwing net. The throwing net hits Prince Ribbit.
Prince Ribbit is caught in the net!
Prince Ribbit is severely wounded.
Prince Ribbit struggles against the net.
Prince Ribbit struggles to escape the net.
Prince Ribbit blinks!
Throwing (i - inventory. (,) - cycle):
d - 3 throwing nets (quivered)
Press: ? - help, Shift-Dir - straight line, f/p - Prince Ribbit
Aim: Prince Ribbit (severely wounded)
You throw a throwing net.
The throwing net closely misses Prince Ribbit.
Prince Ribbit hits you!
* * * LOW HITPOINT WARNING * * *
Prince Ribbit hits you!
You die...

#...# #.#.#####
##+###########.#.....#
#(....##.......###.####
#.....##.###.....#.....
#.....##.###.###.######
#########.....#...##.........#
..?....$.....F(................
o..##....#.###@.......##.###.##
...#......# #....#...##.# #
#.$..F..### #........+...
#.#F....# #.###....##.##
.......... #)# #....+..#
##.##.##.## #.###....# ## .ยง.
#. #.# #.....#### .# #. ..#
#.###.# ## ..# ...


You could see Prince Ribbit.

Vanquished Creatures
  A troll (D:6)
  An ice beast (D:5)
  An ogre (D:5)
  A scorpion (D:4)
  A howler monkey (D:4)
  2 crimson imps (D:5)
  A centaur skeleton (D:4)
  An orc wizard (D:4)
  3 iguanas
  2 worker ants
  11 gnolls
  2 adders
  2 oozes
  3 worms
  A dart slug (D:3)
  2 giant geckos
  5 orcs
  4 giant cockroaches
  7 goblins
  8 hobgoblins
  8 jackals
  2 quokkas (D:3)
  3 ball pythons
  6 bats
  3 giant newts
  8 kobolds
  7 rats
  A spectral orc (D:5)
97 creatures vanquished.

Notes
Turn   | Place    | Note
--------------------------------------------------------------
     0 | D:1      | TheGoonsmith the Minotaur Gladiator began the quest for the Orb.
     0 | D:1      | Reached XP level 1. HP: 18/18 MP: 0/0
    51 | D:1      | Reached skill level 4 in Staves
   212 | D:1      | Reached XP level 2. HP: 25/25 MP: 1/1
   477 | D:1      | Reached skill level 5 in Staves
   501 | D:1      | Reached XP level 3. HP: 30/30 MP: 2/2
  1110 | D:1      | Reached skill level 6 in Staves
  1110 | D:1      | Reached XP level 4. HP: 16/37 MP: 3/3
  1311 | D:2      | Found a snail-covered altar of Cheibriados.
  2467 | D:3      | Reached skill level 7 in Staves
  2467 | D:3      | Reached XP level 5. HP: 41/42 MP: 4/4
  3020 | D:3      | Found a shimmering altar of Xom.
  3022 | D:3      | Found a bloodstained altar of Trog.
  3411 | D:4      | Found a deep blue altar of Sif Muna.
  3456 | D:4      | Found Haotefy's Gadget Boutique.
  3461 | D:4      | Reached skill level 8 in Staves
  3474 | D:4      | Reached XP level 6. HP: 44/50 MP: 5/5
  3498 | D:4      | Reached skill level 9 in Staves
  3517 | D:4      | Found a glowing silver altar of Zin.
  3555 | D:5      | Entered Level 5 of the Dungeon
  4118 | D:5      | Reached XP level 7. HP: 56/56 MP: 6/6
  4303 | D:5      | Reached skill level 10 in Staves
  4587 | D:5      | Found a basalt altar of Yredelemnul.
  4805 | D:6      | Noticed a troll
  4816 | D:6      | Killed a troll
  4816 | D:6      | Reached skill level 11 in Staves
  4858 | D:6      | Noticed Prince Ribbit
  4901 | D:6      | Slain by Prince Ribbit

Vault maps used:
D:1:      dpeg_arrival_prison, dk_noncrumbling_4
D:2:      overflow_temple_1_default, serial_curves, eino_curves_01,
          eino_curves_04, eino_curves_02, eino_curves_01
D:3:      nicolae_overflow_hidden_temple, st_stairs_14
D:4:      lemuel_coloured_pillars_altar, marbit_many_paths, serial_shops, shop,
          nicolae_zen_rock_garden, kennysheep_cross_bottleneck
D:5:      yredelemnul_forgotten_temple_becter, first_bread, serial_glass,
          glass_columns_c, glass_columns_a, glass_columns_c, glass_columns_c,
          glass_columns_a
D:6:      lemuel_ice_spiral_2, kennysheep_little_box,
          minmay_temple_entry_poolview, serial_shops, shop, uniq_prince_ribbit1,
          uniq_edmund, uniq_duvessa

Skill      XL: |  1  2  3  4  5  6  7 |
---------------+----------------------+-----
Staves         | 4 5 6 7 8 9 11 | 11.3
Fighting       | |  2.4
Throwing       | |  2.0
Dodging        | |  3.2

Action                   |  1- 3 |  4- 6 |  7- 9 || total
-------------------------+-------+-------+-------++-------
Melee: Quarterstaff      |    51 |   126 |    65 ||   242
       Headbutt          |    11 |    19 |     8 ||    38
Throw: Throwing net      |       |       |     2 ||     2
  Use: Potion            |       |     2 |       ||     2
       Scroll            |       |    11 |     4 ||    15
  Eat: Chunk             |       |    10 |     2 ||    12
Armor: Leather armour    |    14 |    20 |       ||    34
       Chain mail        |       |    20 |    24 ||    44
Dodge: Dodged            |    50 |    76 |    27 ||   153
